 Dungeon Crawl Stone Soup version 0.18.1-48-g4cf74bf (webtiles) character file.

380 Alarkh the Slasher (level 6, -4/44 HPs)
             Began as a Mummy Skald on Sept 13, 2016.
             Slain by Duvessa
             ... wielding a +0 short sword
              (8 damage)
             ... on level 3 of the Dungeon.
             The game lasted 00:05:00 (3372 turns).

Alarkh the Slasher (Mummy Skald)                    Turns: 3372, Time: 00:05:01

Health: -4/44      AC:  4    Str: 16    XL:     6   Next: 46%
Magic:  8/11       EV: 11    Int: 13    God:
Gold:   122        SH:  0    Dex: 11    Spells: 3 memorised, 5 levels left

rFire  x . .     SeeInvis .     a - +0 falchion
rCold  + . .     Gourm    .     b - +0 leather armour
rNeg   + + +     Faith    +     (no shield)
rPois  ∞         Spirit   .     f - +0 helmet
rElec  .         Dismiss  .     (no cloak)
rCorr  .         Reflect  .     (no gloves)
SustAt .         Harm     .     (no boots)
MR     .....                    o - amulet of faith
Stlth  ..........               (no ring)
                                h - ring of loudness (curse)

@: very slightly contaminated, not resistant to hostile enchantments, extremely
unstealthy
A: no food or potions, fire vulnerability, cold resistance 1, negative energy
resistance 3, torment resistance, unbreathing
a: no special abilities


You were on level 3 of the Dungeon.
You were not hungry.

You visited 1 branch of the dungeon, and saw 4 of its levels.

You collected 122 gold pieces.

Inventory:

Hand Weapons
 a - a +0 falchion (weapon)
Armour
 b - a +0 leather armour (worn)
 f - a +0 helmet (worn)
Jewellery
 h - a cursed ring of loudness (left hand)
 o - an amulet of faith (around neck)
Wands
 n - a wand of enslavement (13/24)
Scrolls
 d - 4 scrolls of magic mapping
 e - a scroll of identify
 g - a scroll of noise
 i - a scroll of fear
 k - a scroll of teleportation
 l - 2 scrolls of enchant armour
 m - a scroll of amnesia {unknown}
Books
 c - a book of Battle

   Spells                             Type                      Level
   a - Infusion                       Charms                       1
   b - Shroud of Golubria             Charms/Translocation         2
   c - Song of Slaying                Charms                       2
   d - Spectral Weapon                Hexes/Charms                 3
   e - Regeneration                   Charms/Necromancy            3
 j - a book of Unlife

   Spells                             Type                      Level
   a - Recall                         Summoning/Translocation      3
   b - Animate Dead                   Necromancy                   4
   c - Control Undead                 Necromancy                   4
   d - Cigotuvi's Embrace             Necromancy                   5
   e - Death Channel                  Necromancy                   6
   f - Simulacrum                     Ice/Necromancy               6


   Skills:
 - Level 2.0 Fighting
 * Level 4.3 Long Blades
 - Level 0.7 Armour
 - Level 0.7 Dodging
 + Level 3.4 Spellcasting
 + Level 3.6 Charms


You had 5 spell levels left.
You knew the following spells:

 Your Spells              Type           Power        Failure   Level  Hunger
a - Infusion              Chrm           ##..         10%         1    N/A
b - Shroud of Golubria    Chrm/Tloc      #.........   21%         2    N/A
c - Spectral Weapon       Hex/Chrm       #.......     38%         3    N/A

Dungeon Overview and Level Annotations

Branches:
Dungeon (4/15)
 Temple: D:4-7

Altars:
Elyvilon
Yredelemnul
The Shining One

Annotations:
D:3 1 exclusion, Dowan, Duvessa


Innate Abilities, Weirdness & Mutations

You do not eat or drink.
Your flesh is vulnerable to fire.
You are immune to poison.
Your flesh is cold resistant.
You are immune to negative energy.
You are immune to unholy pain and torment.
You can survive without breathing.


Message History

Level annotation: 1 exclusion
There is a stone staircase leading down here.
Duvessa says, "When magic and the sword combine, nothing stands against them."
Duvessa hits you with a short sword!
You see here a club.
Duvessa says, "My weaknesses are his strengths!"
Duvessa barely misses you.
Dowan gestures wildly while chanting.
Dowan blinks!
Duvessa hits you with a short sword.
* * * LOW HITPOINT WARNING * * *
Dowan gestures wildly while chanting.
Dowan blinks!
Duvessa hits you but does no damage. Duvessa hits you with a short sword!
* * * LOW HITPOINT WARNING * * *
Duvessa hits you with a short sword.
* * * LOW HITPOINT WARNING * * *
Duvessa hits you with a short sword!
You die...

##.#.###...........#.#
##.#........######.#.#
##.#######.## #.#.# ##.# #.#
#.#.# .#.# #.# #.#.# ...# ###.###
#.#.# ...# #.....#####.#.# ..##
#.###.......#.# .## #.#
#.e.e@....# ### #.###.#######>#
###### ..# #......# #...####
##..... #.#
#.#....####)#....###.###.#
#(######........##.#..#.....# #..
...................§..#####.###.#
#.####..........##.#.## ##...##
.............(####.#.## ##.##
####..........# #....#######.#


You could see Duvessa and Dowan.

Vanquished Creatures
  An ogre (D:4)
  A phantom (D:2)
  An orc priest (D:3)
  Ijyb (D:3)
  Terence (D:2)
  6 adders
  An ooze (D:3)
  2 worms
  5 giant geckos
  6 orcs
  2 ball pythons
  5 giant cockroaches
  10 goblins
  4 hobgoblins
  2 jackals (D:3)
  8 kobolds
  3 bats
  4 giant newts
  4 rats
67 creatures vanquished.

Vanquished Creatures (others)
  A spectral weapon (D:2)
1 creature vanquished.

Grand Total: 68 creatures vanquished

Notes
Turn   | Place    | Note
--------------------------------------------------------------
     0 | D:1      | Alarkh the Mummy Skald began the quest for the Orb.
     0 | D:1      | Reached XP level 1. HP: 16/16 MP: 3/3
     7 | D:1      | Noticed a swamp drake
     7 | D:1      | Noticed a lindwurm
     7 | D:1      | Noticed a polar bear
     7 | D:1      | Noticed a worker ant
    88 | D:1      | Reached XP level 2. HP: 17/22 MP: 0/5
   138 | D:1      | Reached skill level 2 in Long Blades
   485 | D:1      | Reached XP level 3. HP: 19/27 MP: 3/6
   775 | D:2      | Found a white marble altar of Elyvilon.
  1169 | D:2      | Found a glowing golden altar of the Shining One.
  1294 | D:2      | Noticed Terence
  1315 | D:2      | Killed Terence
  1315 | D:2      | Reached XP level 4. HP: 25/33 MP: 2/8
  1383 | D:2      | Found a basalt altar of Yredelemnul.
  1581 | D:3      | Noticed Ijyb
  1596 | D:3      | Killed Ijyb
  1596 | D:3      | Reached skill level 3 in Long Blades
  1635 | D:3      | Learned a level 2 spell: Shroud of Golubria
  1639 | D:3      | Learned a level 3 spell: Spectral Weapon
  1816 | D:3      | Reached XP level 5. HP: 27/38 MP: 4/9
  2374 | D:2      | Noticed a phantom
  2488 | D:2      | Killed a phantom
  2924 | D:2      | Reached XP level 6. HP: 26/44 MP: 6/10
  3056 | D:3      | Reached skill level 4 in Long Blades
  3217 | D:4      | Noticed Dowan
  3219 | D:4      | Noticed Duvessa
  3372 | D:3      | Slain by Duvessa

Skill      XL: |  1  2  3  4  5  6 |
---------------+-------------------+-----
Long Blades    | 2 3 4 |  4.3
Charms         | 3 |  3.6
Spellcasting   | 3 |  3.4
Fighting       | |  2.0
Armour         | |  0.7
Dodging        | |  0.7

Action                   |  1- 3 |  4- 6 || total
-------------------------+-------+-------++-------
Melee: Falchion          |   115 |   137 ||   252
 Cast: Infusion          |    27 |    22 ||    49
       Spectral Weapon   |       |     8 ||     8
       Shroud of Golubri |       |     1 ||     1
  Use: Scroll            |     2 |     3 ||     5
 Stab: Distracted        |       |     1 ||     1
Armor: Leather armour    |    35 |    41 ||    76
Dodge: Dodged            |    70 |    86 ||   156
